 Dungeon Crawl Stone Soup version 0.31.0-12-g77e489cdc1 (webtiles) character file.

Game seed: 12227192256194592431

84 Zeor the Trooper (level 4, -4/35 (37) HPs)
             Began as a Formicid Monk on Feb 16, 2024.
             Was a Believer of the Shining One.
             Slain by a gnoll
             ... wielding a +2 flail of draining
              (7 damage)
             ... on level 2 of the Dungeon.
             The game lasted 00:04:22 (1491 turns).

Zeor the Trooper (Formicid Monk)                    Turns: 1491, Time: 00:04:22

HP:   -4/35 (37)    AC:  5    Str: 15    XL:     4   Next: 74%
MP:   4/4           EV:  9    Int: 10    God:    the Shining One [**....]
Gold: 74            SH:  0    Dex: 18    Spells: 3/3 levels left

rFire   . . .        a - +0 falchion
rCold   . . .        (no shield)
rNeg    + . .        f - +0 ring mail
rPois   .            (helmet unavailable)
rElec   .            (no cloak)
rCorr   .            (no gloves)
SInv    +            (no boots)
Will    .....        (no amulet)
Stlth   +            (no ring)
HPRegen 0.25/turn    (no ring)
MPRegen 0.09/turn

%: no passive effects
@: brilliant, glowing, constricted, drained
A: permanent stasis, dig shafts and tunnels, antennae 3, four strong arms
a: Dig, Shaft Self, Renounce Religion, Divine Shield


You were on level 2 of the Dungeon.
You worshipped the Shining One.
The Shining One was pleased with you.
You visited 1 branch of the dungeon, and saw 2 of its levels.

You collected 74 gold pieces.

Inventory:

Hand Weapons
 a - a +0 falchion (weapon)
 e - a +4 flail
Armour
 d - an orb of light
 f - a +0 ring mail (worn)
Potions
 c - a potion of ambrosia
 g - a potion of brilliance


   Skills:
 + Level 4.1 Fighting
 + Level 3.8 Long Blades
 + Level 1.0 Armour
 + Level 3.3 Dodging


You had 3 spell levels left.
You didn't know any spells.
Your spell library was empty.

Dungeon Overview and Level Annotations

Branches:
Dungeon (2/15)

Altars:
The Shining One


Innate Abilities, Weirdness & Mutations

You cannot be hasted, slowed, berserked, paralysed or teleported.
You can dig through walls and to a lower floor.
You have a pair of large antennae on your head. (SInv)
Your four strong arms can wield two-handed weapons with a shield.


Message History

There is a dispersal trap here.
The gnoll shouts!
You hear an angry hiss.
A ball python comes into view.
You flicker for a moment.
The ball python hisses angrily.
The gnoll barely misses you.
There is a stone staircase leading up here.
The ball python misses you. The ball python grabs you.
You stop ascending the stairs.
The ball python constricts you. The gnoll barely misses you.
Unknown command.
You barely miss the gnoll.
The ball python bites you but does no damage.
The ball python constricts you.
The gnoll hits you with a +2 flail of draining.
You partially resist.
You feel drained. The ball python closely misses you.
The ball python constricts you.
You barely miss the gnoll.
You flicker back into view.
The gnoll misses you. The ball python barely misses you.
The ball python constricts you.
You hit the gnoll.
The gnoll is heavily wounded.
The gnoll barely misses you. The ball python barely misses you.
The ball python constricts you.
The gnoll hits you with a +2 flail of draining!
* * * LOW HITPOINT WARNING * * *
You partially resist.
You feel drained.
* * * LOW HITPOINT WARNING * * *
Unknown command.
You aren't carrying any scrolls.
Okay, then.
Enter note: ha You hit the gnoll but do no damage.
The gnoll is heavily wounded.
The ball python barely misses you. The ball python constricts you.
The gnoll hits you from afar with a +0 spear.
* * * LOW HITPOINT WARNING * * *
The gnoll hits you with a +2 flail of draining!
You die...

∙▒∙∙▒∙▒)▒∙▒▒▒▒▒▒▒▒▒
∙▒∙∙▒∙▒∙∙∙∙∙∙∙∙∙∙∙∙∙
∙▒<∙▒∙∙∙▒∙∙∙▒▒▒▒∙∙∙
∙▒▒∙▒∙▒{▒∙∙∙▒∙ <∙
∙▒▒∙▒∙∙<▒∙∙∙▒∙▒▒∙▒▒▒▒
∙▒▒∙▒∙▒∙▒∙∙∙▒∙▒∙∙∙∙∙▒
∙▒▒∙▒∙▒∙▒∙∙∙▒∙∙∙∙∙∙
∙▒▒∙▒∙▒∙▒∙∙)▒▒∙S▒▒▒▒▒∙▒
∙∙∙∙▒∙▒∙▒∙∙∙∙∙∙gB∙∙∙∙∙▒
▒▒▒▒▒g▒)▒∙∙∙∙∙∙∙∙∙∙∙∙∙∙∙ ▒
▒∙▒∙∙∙∙∙∙gg∙∙∙∙∙∙∙∙∙ { ∙▒
▒▒▒▒▒∙▒▒∙▒▒▒▒∙▒▒▒▒▒▒▒▒▒▒▒▒▒▒▒▒∙▒
∙∙∙∙∙∙∙÷∙∙∙∙∙g∙∙∙∙∙g∙∙∙∙∙∙∙∙∙∙∙▒
▒▒▒▒▒>∙∙∙∙∙∙∙∙∙∙∙∙g∙∙∙∙∙∙∙∙∙∙▒▒▒▒
▒▒▒▒▒▒▒▒▒∙∙∙∙∙∙^g∙∙∙∙∙∙∙∙∙∙∙▒
▒▒▒▒▒▒▒▒▒▒▒▒g∙∙∙∙∙▒∙▒ ▒▒∙∙∙†∙▒∙∙


You could see 4 gnolls and a ball python.

Vanquished Creatures
  2 gnolls (D:2)
  3 adders (D:2)
  2 dart slugs (D:1)
  3 bats
  4 endoplasms (D:1)
  2 giant cockroaches (D:1)
  A goblin (D:2)
  4 hobgoblins
  4 quokkas
  6 ball pythons (D:1)
  A frilled lizard (D:1)
  A kobold (D:1)
  2 rats
35 creatures vanquished.

Notes
Turn   | Place    | Note
-------+----------+-------------------------------------------
     0 | D:1      | Zeor the Formicid Monk began the quest for the Orb.
     0 | D:1      | Reached XP level 1. HP: 18/18 MP: 1/1
   160 | D:1      | Reached XP level 2. HP: 24/24 MP: 2/2
   534 | D:1      | Reached XP level 3. HP: 26/29 MP: 3/3
   589 | D:1      | Found a faded altar of an unknown god.
  1186 | D:2      | Reached XP level 4. HP: 29/37 MP: 4/4
  1330 | D:2      | Reached skill level 1 in Armour
  1340 | D:2      | Found a glowing golden altar of the Shining One.
  1359 | D:2      | Became a worshipper of the Shining One
  1359 | D:2      | Reached * piety under the Shining One
  1359 | D:2      | Reached ** piety under the Shining One
  1385 | D:2      | Reached skill level 4 in Fighting
  1491 | D:2      | ha
  1491 | D:2      | Slain by a gnoll

Illustrated notes

∙▒∙∙▒∙▒)▒∙▒▒▒▒▒▒▒▒▒
∙▒∙∙▒∙▒∙∙∙∙∙∙∙∙∙∙∙∙∙
∙▒<∙▒∙∙∙▒∙∙∙▒▒▒▒∙∙∙
∙▒▒∙▒∙▒{▒∙∙∙▒∙ <∙
∙▒▒∙▒∙∙<▒∙∙∙▒∙▒▒∙▒▒▒▒
∙▒▒∙▒∙▒∙▒∙∙∙▒∙▒∙∙∙∙∙▒
∙▒▒∙▒∙▒∙▒∙∙∙▒∙∙∙∙∙∙
∙▒▒∙▒∙▒∙▒∙∙)▒▒∙S▒▒▒▒▒∙▒
∙∙∙∙▒∙▒∙▒∙∙∙∙∙∙gB∙∙∙∙∙▒
▒▒▒▒▒g▒)▒∙∙∙∙∙∙∙∙∙∙∙∙∙∙∙ ▒
▒∙▒∙∙∙∙∙∙∙g∙∙∙∙∙∙∙∙∙ { ∙▒
▒▒▒▒▒∙▒▒∙▒▒▒▒g▒▒▒▒▒▒▒▒▒▒▒▒▒▒▒▒∙▒
∙∙∙∙∙∙∙÷∙∙∙∙∙∙{∙∙∙∙g∙∙∙∙∙∙∙∙∙∙∙▒
▒▒▒▒▒>∙∙∙∙∙∙∙∙∙∙∙∙g∙∙∙∙∙∙∙∙∙∙▒▒▒▒
▒▒▒▒▒▒▒▒▒∙∙∙∙∙∙^g∙∙∙∙∙∙∙∙∙∙∙▒
▒▒▒▒▒▒▒▒▒▒▒▒g∙∙∙∙∙▒∙▒ ▒▒∙∙∙†∙▒∙∙


Turn 1491 on D:2: ha

Levels and vault maps discovered:
D:1:      lightli_arrival_noodles, layout_basic,
          nicolae_ecumenical_snake_handling
D:2:      layout_basic, basic_altar

Skill      XL: |  1  2  3  4 |
---------------+-------------+-----
Dodging        | 3 |  3.3
Armour         | 1 |  1.0
Fighting       | 4 |  4.1
Long Blades    | |  3.8

Action                     |  1- 3 |  4- 6 || total
---------------------------+-------+-------++-------
  Melee: Falchion          |    68 |    29 ||    97
    Use: Scroll            |     3 |       ||     3
         Potion            |       |     2 ||     2
 Armour: Robe              |     5 |       ||     5
         Ring mail         |    31 |    18 ||    49
  Dodge: Dodged            |    38 |    24 ||    62
